 Dungeon Crawl Stone Soup version 0.17.0-56-gd8de76c (webtiles) character file.

109 gorblad the Skirmisher (level 4, 0/35 HPs)
             Began as a Demonspawn Fighter on Dec 5, 2015.
             Slain by Natasha (2 damage)
             ... on level 4 of the Dungeon.
             The game lasted 00:07:10 (1970 turns).

gorblad the Skirmisher (Demonspawn Fighter)         Turns: 1970, Time: 00:07:11

Health: 0/35       AC: 15    Str: 18    XL:     4   Next: 59%
Magic:  4/4        EV:  3    Int:  9    God:
Gold:   134        SH:  9    Dex: 12    Spells: 0 memorised, 3 levels left

rFire  . . .     SeeInvis .     a - +0 war axe
rCold  . . .     Clarity  .     p - +0 plate armour
rNeg   . . .     SustAt   .     c - +0 shield
rPois  .         Gourm    .     (no helmet)
rElec  .         Spirit   .     (no cloak)
rCorr  .         Warding  .     k - +1 pair of gloves
rMut   .         Stasis   .     (no boots)
MR     .....                    (no amulet)
Stlth  ..........               (no ring)
                                (no ring)

@: not resistant to hostile enchantments, extremely unstealthy
A: thin metallic scales 1, nightstalker 1
a: no special abilities


You were on level 4 of the Dungeon.
You were not hungry.

You visited 1 branch of the dungeon, and saw 4 of its levels.

You collected 134 gold pieces.

Inventory:

Hand Weapons
 a - a +0 war axe (weapon)
Armour
 b - a +0 scale mail
 c - a +0 shield (worn)
 k - a +1 pair of gloves (worn)
 p - a +0 plate armour (worn)
Scrolls
 f - 3 scrolls of recharging
 g - 2 scrolls of identify
 l - a scroll of blinking {unknown}
 o - a scroll of magic mapping {unknown}
Potions
 d - 2 potions of might
 h - 2 potions of agility
 i - a potion of poison {unknown}
 j - 2 potions of haste
 n - 2 potions of curing
Comestibles
 e - 3 bread rations
 m - a meat ration


   Skills:
 + Level 3.4 Fighting
 + Level 2.6 Axes
 + Level 3.4 Armour
 + Level 1.0 Dodging
 + Level 3.2 Shields


You had 3 spell levels left.
You didn't know any spells.

Dungeon Overview and Level Annotations

Branches:
Dungeon (4/15)
 Temple: D:4-7

Altars:
Elyvilon
Trog
Xom
The Shining One

Annotations:
D:4 Natasha; dohliylev's ghost, weakling DESu


Innate Abilities, Weirdness & Mutations

You are partially covered in thin metallic scales (AC +2).
You are slightly more attuned to the shadows.


Message History

Natasha claws you.
* * * LOW HITPOINT WARNING * * *
The shadow imp barely misses you.
Dohliylev's ghost mumbles some strange words.
The crimson imp hits you but does no damage.
The shadow imp hits you but does no damage.
Natasha claws you but does no damage.
Unknown command.
You hit Natasha.
Natasha is severely wounded.
Your shield and plate armour prevent you from hitting the rat.
You hit the shadow imp.
You kill the shadow imp!
You hit dohliylev's ghost but do no damage.
Dohliylev's ghost is heavily damaged.
You closely miss the crimson imp.
The bat disappears in a puff of smoke!
Dohliylev's ghost hits you but does no damage.
The quokka bites you but does no damage.
The crimson imp completely misses you. Natasha claws you.
You die...

. .## ... ### #.# ....
.. ####.##..W. #
...#####.......#
####.........##r...##%.
.....#####.....W##.b...
.......##...###r@55...#
.....#..........rh.##..
......#....#..####.#
.<........###........
.................. ...
........###.###... <.[#
........###....... ...
..................
......).#######...


You could see an iron imp, Natasha, dohliylev's ghost, a crimson imp, a river
rat, a quokka, a bat and a rat.

Vanquished Creatures
  2 adders
  An ooze (D:1)
  A worm (D:2)
  5 giant geckos
  An orc (D:3)
  2 ball pythons
  7 giant cockroaches
  12 goblins
  4 hobgoblins
  8 jackals (D:3)
  11 kobolds
  10 bats
  2 giant newts
  7 rats
73 creatures vanquished.

Vanquished Creatures (others)
  A rat (D:2)
1 creature vanquished.

Grand Total: 74 creatures vanquished

Notes
Turn   | Place    | Note
--------------------------------------------------------------
     0 | D:1      | gorblad the Demonspawn Fighter began the quest for the Orb.
     0 | D:1      | Reached XP level 1. HP: 18/18 MP: 1/1
    48 | D:1      | Gained mutation: You are partially covered in thin metallic scales (AC +2). [demonic ancestry]
    48 | D:1      | Reached XP level 2. HP: 16/24 MP: 2/2
   416 | D:1      | Reached XP level 3. HP: 29/29 MP: 3/3
   752 | D:2      | Found a white marble altar of Elyvilon.
  1222 | D:2      | Gained mutation: You are slightly more attuned to the shadows. [demonic ancestry]
  1222 | D:2      | Reached XP level 4. HP: 35/35 MP: 4/4
  1402 | D:3      | Found a bloodstained altar of Trog.
  1453 | D:3      | Found a shimmering altar of Xom.
  1691 | D:3      | Reached skill level 1 in Dodging
  1932 | D:4      | Found a glowing golden altar of the Shining One.
  1953 | D:4      | Noticed Natasha
  1954 | D:4      | Noticed dohliylev's ghost (weakling DESu)
  1970 | D:4      | Slain by Natasha

Action                   |  1- 3 |  4- 6 || total
-------------------------+-------+-------++-------
Melee: War axe           |   142 |    88 ||   230
  Use: Scroll            |     5 |     2 ||     7
       Potion            |       |     1 ||     1
  Eat: Chunk             |     1 |     3 ||     4
